 Dungeon Crawl Stone Soup version 0.22-a0-247-gbddf880 (webtiles) character file.

14656 b5mith the Carver (level 11, -5/153 HPs)
             Began as a Minotaur Berserker on Feb 23, 2018.
             Was a High Priest of Trog.
             Killed from afar by a war gargoyle (23 damage)
             ... with a spray of metal splinters
             ... on level 11 of the Dungeon.
             The game lasted 00:38:01 (10432 turns).

b5mith the Carver (Minotaur Berserker)             Turns: 10432, Time: 00:38:02

Health: -5/153     AC: 14    Str: 27    XL:     11   Next: 91%
Magic:  10/10      EV: 16    Int:  4    God:    Trog [*****.]
Gold:   521        SH: 12    Dex: 13    Spells: 10/10 levels left

rFire    + + .     SeeInvis .   q - +1 scimitar (flame)
rCold    x . .     Gourm    .   w - +0 shield {AC+3}
rNeg     . . .     Faith    .   J - +1 leather armour {rF+}
rPois    .         Spirit   .   (helmet restricted)
rElec    .         Reflect  .   (no cloak)
rCorr    .         Harm     .   L - +1 pair of gloves
MR       .....                  m - +2 pair of boots
Stlth    ..........             (no amulet)
HPRegen  0.35/turn              s - ring of fire
MPRegen  0.12/turn              (no ring)

@: berserking (expiring), very quick
A: retaliatory headbutt, horns 2
a: Berserk, Trog's Hand, Brothers in Arms, Renounce Religion


You were on level 11 of the Dungeon.
You worshipped Trog.
Trog was extremely pleased with you.
You were not hungry.

You visited 1 branch of the dungeon, and saw 11 of its levels.

You collected 521 gold pieces.

Inventory:

Hand Weapons
 b - a +3 falchion
 q - a +1 scimitar of flaming (weapon)
 C - a +2 long sword of venom
 D - a +4 long sword
 I - a +3 scimitar
Missiles
 x - 6 javelins
 E - a throwing net
 H - 11 tomahawks (quivered)
Armour
 i - a +0 ring mail
 m - a +2 pair of boots (worn)
 v - a +0 pair of gloves
 w - a +0 shield of protection (worn)
 J - a +1 leather armour of fire resistance (worn)
 L - a +1 pair of gloves (worn)
 N - a +0 pair of boots
Jewellery
 s - a ring of fire (left hand)
Wands
 t - a wand of paralysis (25)
 y - a wand of flame (35)
 F - a wand of acid (5)
 G - a wand of random effects (28)
Scrolls
 d - a scroll of amnesia {unknown}
 k - a scroll of random uselessness {unknown}
 l - a scroll of blinking {unknown}
 o - 7 scrolls of remove curse {@r2}
 r - 4 scrolls of teleportation
 u - a scroll of immolation {unknown}
 B - 2 scrolls of enchant weapon
 K - a scroll of enchant armour {unknown}
 O - a scroll of acquirement {unknown}
Potions
 e - 2 potions of haste
 f - a potion of heal wounds {unknown}
 g - 2 potions of lignification
 h - 2 potions of mutation
 j - a potion of cancellation {unknown}
 n - 7 potions of curing {@q1}
 p - 2 potions of ambrosia
 z - 4 potions of magic
 A - a potion of agility {unknown}
 P - a potion of flight {unknown}
Miscellaneous
 a - a crystal ball of energy
Comestibles
 c - 9 rations


   Skills:
 + Level 11.3 Fighting
 + Level 11.3 Long Blades
 + Level 11.0 Armour
 + Level 10.1 Dodging
 * Level 8.5 Shields


You had 10 spell levels left.
You didn't know any spells.

Dungeon Overview and Level Annotations

Branches:
Dungeon (11/15)            Temple (0/1) D:7            Lair (0/6) D:9
    Orc (0/2) D:9

Altars:
Elyvilon
Makhleb
Ru
Uskayaw
Vehumet
Wu Jian
Xom
The Shining One

Shops:
D:6 (

Portals:
Bazaar: D:11


Innate Abilities, Weirdness & Mutations

You reflexively headbutt those who attack you in melee.
You have a pair of horns on your head.


Message History

You hit the war gargoyle but do no damage.
The war gargoyle is lightly damaged.
You slash the war gargoyle! You burn the war gargoyle.
The war gargoyle is moderately damaged.
The war gargoyle launches metal splinters at you.
The spray of metal splinters hits you!
* * * LOW HITPOINT WARNING * * *
You slash the war gargoyle! You burn the war gargoyle.
You headbutt the war gargoyle.
The war gargoyle is heavily damaged.
The war gargoyle hits you with a morningstar!!
* * * LOW HITPOINT WARNING * * *
You are too berserk!
You feel a strong urge to attack something.
You are too berserk!
You hit the war gargoyle but do no damage.
The war gargoyle is heavily damaged.
The war gargoyle launches metal splinters at you.
The spray of metal splinters hits you!
You die...

..###...######..#.......#.###...#
...............#######..#.......#
...............##())#####.......#
.......######'##.....####'#######
.......#.......#.....#...........
.......#.......#.....#...........
.......#.......##...##...........
.......#.......###'#########.....
.......#######..@9...# ######
..#..................# #.....
..#.....####......8..'... #.....
........# #.........#... #.....
........# #.........##... ###...
........# #...###'####### #...
........####...# ...##..######...
...............# ...#...........
...............# #...........


You could see a war gargoyle.

Vanquished Creatures
  6 two-headed ogres
  Erica (D:8)
  An unseen horror (D:11)
  An ugly thing (D:11)
  Psyche (D:8)
  A troll (D:8)
  A merfolk (D:9)
  2 hippogriffs
  Prince Ribbit (D:10)
  10 yaks
  A wraith (D:10)
  A wyvern (D:11)
  5 hungry ghosts
  2 water moccasins
  3 porcupines (D:9)
  A phantom (D:5)
  A sky beast (D:7)
  An eye of draining (D:10)
  2 ice beasts
  2 orc warriors
  A hornet zombie (D:8)
  10 ogres
  A necrophage (D:7)
  The ghost of MatthieuS the Charlatan, an amateur CeAr (D:3)
  4 centaurs
  A big kobold (D:10)
  Blork the orc (D:6)
  10 bullfrogs
  3 scorpions
  2 wyvern skeletons
  8 wights
  5 howler monkeys
  4 crimson imps
  5 orc priests
  2 bullfrog skeletons
  A hound (D:8)
  4 jellies
  A quasit (D:10)
  A bullfrog zombie (D:6)
  11 orc wizards
  4 iguanas
  Natasha (thrice) (D:3)
  5 worker ants
  A killer bee zombie (D:5)
  A hound skeleton (D:6)
  2 worker ant zombies
  Robin (D:4)
  8 adders
  3 shadow imps
  4 adder skeletons
  3 worms
  A dart slug (D:5)
  6 leopard geckos
  38 orcs
  5 giant cockroaches
  19 goblins
  8 hobgoblins
  9 jackals
  4 quokkas
  6 bats
  4 frilled lizards
  9 kobolds
  2 leopard gecko skeletons
  A leopard gecko zombie (D:9)
  A quokka skeleton (D:6)
  10 rats
278 creatures vanquished.

Vanquished Creatures (others)
  5 fungi (D:9)
  5 plants (D:9)
10 creatures vanquished.

Grand Total: 288 creatures vanquished

Notes
Turn   | Place    | Note
-------+----------+-------------------------------------------
     0 | D:1      | b5mith the Minotaur Berserker began the quest for the Orb.
     0 | D:1      | Reached XP level 1. HP: 19/19 MP: 0/0
   230 | D:1      | Reached XP level 2. HP: 22/27 MP: 1/1
  1149 | D:2      | Reached XP level 3. HP: 33/33 MP: 2/2
  1202 | D:2      | Reached ** piety under Trog
  1439 | D:3      | Noticed MatthieuS's ghost (amateur CeAr)
  1457 | D:3      | Killed MatthieuS's ghost
  1457 | D:3      | Reached XP level 4. HP: 41/41 MP: 3/3
  1470 | D:3      | Noticed Natasha
  1474 | D:3      | Killed Natasha
  1474 | D:3      | Reached XP level 5. HP: 26/47 MP: 4/4
  1660 | D:3      | Found a white marble altar of Elyvilon.
  1785 | D:3      | Noticed Natasha
  1843 | D:3      | Found a faded altar of an unknown god.
  1865 | D:3      | Killed Natasha
  2130 | D:3      | Noticed Natasha
  2137 | D:3      | Killed Natasha
  2137 | D:3      | Reached skill level 5 in Fighting
  2137 | D:3      | Reached skill level 5 in Long Blades
  2355 | D:4      | Noticed Robin
  2370 | D:4      | Killed Robin
  2890 | D:5      | Entered Level 5 of the Dungeon
  2899 | D:4      | Reached XP level 6. HP: 56/56 MP: 5/5
  3128 | D:5      | Reached skill level 5 in Armour
  3128 | D:5      | Reached XP level 7. HP: 59/62 MP: 6/6
  3132 | D:5      | Reached *** piety under Trog
  3409 | D:5      | Found a sand-covered staircase.
  3477 | D:5      | Reached skill level 5 in Dodging
  4083 | D:6      | Reached XP level 8. HP: 47/71 MP: 7/7
  4103 | D:6      | Noticed Blork the orc
  4114 | D:6      | Killed Blork the orc
  4367 | D:6      | Found Iluaphal's Weapon Shoppe.
  4462 | D:6      | Found a burning altar of Makhleb.
  5089 | D:7      | Reached XP level 9. HP: 61/81 MP: 8/8
  5099 | D:7      | Reached **** piety under Trog
  5215 | D:7      | Found a staircase to the Ecumenical Temple.
  5242 | D:7      | Found a glowing golden altar of the Shining One.
  5613 | D:8      | Noticed Erica
  5639 | D:8      | Killed Erica
  5830 | D:8      | Noticed a two-headed ogre
  5936 | D:8      | Killed a two-headed ogre
  5936 | D:8      | Reached XP level 10. HP: 21/91 MP: 9/9
  6663 | D:8      | Noticed Prince Ribbit
  6677 | D:8      | Noticed Psyche
  6687 | D:8      | Killed Psyche
  7021 | D:9      | Noticed a two-headed ogre
  7027 | D:8      | Reached skill level 1 in Shields
  7044 | D:8      | Killed a two-headed ogre
  7044 | D:8      | Reached skill level 10 in Fighting
  7044 | D:8      | Reached skill level 10 in Long Blades
  7393 | D:9      | Found a faded altar of an unknown god.
  7393 | D:9      | Found a hide-covered altar of Uskayaw.
  7402 | D:9      | Found an ornate altar of the Wu Jian Council.
  7404 | D:9      | Found a radiant altar of Vehumet.
  7406 | D:9      | Found a faded altar of an unknown god.
  7520 | D:9      | Reached ***** piety under Trog
  7679 | D:9      | Noticed a two-headed ogre
  7691 | D:9      | Killed a two-headed ogre
  7691 | D:9      | Reached skill level 10 in Armour
  8054 | D:9      | Found a staircase to the Orcish Mines.
  8078 | D:9      | Found a shimmering altar of Xom.
  8079 | D:9      | Found a shimmering altar of Xom.
  8079 | D:9      | Found a shimmering altar of Xom.
  8079 | D:9      | Found a shimmering altar of Xom.
  8081 | D:9      | Found a shimmering altar of Xom.
  8081 | D:9      | Found a shimmering altar of Xom.
  8131 | D:9      | Reached skill level 5 in Shields
  8183 | D:9      | Reached XP level 11. HP: 101/101 MP: 10/10
  8187 | D:9      | Found a sacrificial altar of Ru.
  8407 | D:9      | Found a staircase to the Lair.
  8555 | D:10     | Entered Level 10 of the Dungeon
  8983 | D:10     | Killed Prince Ribbit
  9232 | D:11     | Noticed a two-headed ogre
  9238 | D:11     | Killed a two-headed ogre
  9315 | D:11     | Found a flickering gateway to a bazaar.
  9414 | D:11     | Noticed a two-headed ogre
  9446 | D:11     | Killed a two-headed ogre
  9446 | D:11     | Received a gift from Trog
  9822 | D:11     | Reached skill level 10 in Dodging
  9950 | D:11     | Noticed a two-headed ogre
  9956 | D:11     | Killed a two-headed ogre
 10143 | D:11     | Noticed a cyan ugly thing
 10170 | D:11     | Killed a cyan ugly thing
 10331 | D:11     | Killed an unseen horror
 10419 | D:11     | Noticed a war gargoyle
 10432 | D:11     | Killed from afar by a war gargoyle

Vault maps used:
D:1:      dpeg_arrival_arbitrary_c
D:2:      minmay_misc_feat_square
D:3:      elyvilon_altar_1, chequers_ecumenical_altar_island, uniq_natasha
D:4:      uniq_robin
D:5:      enter_ossuary_2, first_ration
D:6:      nicolae_overflow_crystal_walls, serial_shops, shop,
          kennysheep_decorative_pillar, uniq_blork_the_orc
D:7:      lemuel_round_altar, minmay_temple_entry_statues
D:8:      minmay_holes, uniq_erica, uniq_psyche, uniq_prince_ribbit1
D:9:      chequers_temple_overflow_minitemple,
          nicolae_ru_great_annihilating_truth, grunt_lair_entry_orc_guard_hut,
          orc_0_dummy, hangedman_fish_farm, xom_shifter_show
D:11:     serial_shops, bzr_entry_road, minmay_three_doors

Skill      XL: |  1  2  3  4  5  6  7  8  9 10 11 |
---------------+----------------------------------+-----
Fighting       | 4 5 6 7 9 10 11 | 11.3
Long Blades    | 4 5 6 8 9 10 11 | 11.3
Armour         | 3 4 5 6 7 9 10 11 | 11.0
Dodging        | 3 4 5 6 8 9 10 | 10.1
Shields        | 5 8 |  8.5

Action                   |  1- 3 |  4- 6 |  7- 9 | 10-12 || total
-------------------------+-------+-------+-------+-------++-------
Melee: Falchion          |    77 |   115 |    93 |       ||   285
       Headbutt          |    13 |    28 |    55 |   102 ||   198
       Long sword        |       |       |   106 |       ||   106
       Scimitar          |       |       |    11 |   394 ||   405
Throw: Tomahawk          |       |       |       |    21 ||    21
Invok: Berserk           |     1 |       |     2 |     1 ||     4
Evoke: Wand              |       |       |       |     1 ||     1
  Use: Scroll            |       |     5 |     3 |     4 ||    12
       Potion            |       |       |     2 |     1 ||     3
 Stab: Paralysed         |       |       |       |     1 ||     1
  Eat: Ration            |     1 |     1 |     3 |     3 ||     8
       Chunk             |       |     2 |     4 |    10 ||    16
Armor: Animal skin       |     2 |       |       |       ||     2
       Ring mail         |    20 |    37 |    58 |    35 ||   150
       Skin              |       |       |       |     2 ||     2
       Leather armour    |       |       |       |    43 ||    43
Dodge: Dodged            |    55 |    54 |   131 |   136 ||   376
Block: Shield            |       |       |       |   138 ||   138
       Rpst.: Falchion   |    17 |    11 |     9 |       ||    37
       Long sword        |       |       |    13 |       ||    13
       Scimitar          |       |       |     3 |    34 ||    37

Table legend:
 A = Spawn XP
 B = Non-spawn XP
 C = Spawn XP percentage of total XP
 D = Spawn monster count
 E = Non-spawn monster count
 F = Spawn count percentage of total count
 G = Total turns spent on level
                    A         B        C        D         E        F      G
               +---------+---------+-------+---------+---------+-------+---------
         Total |       0 |   20938 |   0.0 |       0 |     278 |   0.0 | 10432
               +---------+---------+-------+---------+---------+-------+---------
           D:1 |       0 |      19 |   0.0 |       0 |      12 |   0.0 |  1014
           D:2 |       0 |      34 |   0.0 |       0 |      18 |   0.0 |   411
           D:3 |       0 |     272 |   0.0 |       0 |      23 |   0.0 |   820
           D:4 |       0 |      85 |   0.0 |       0 |      15 |   0.0 |   652
           D:5 |       0 |     841 |   0.0 |       0 |      34 |   0.0 |  1007
           D:6 |       0 |     968 |   0.0 |       0 |      17 |   0.0 |  1119
           D:7 |       0 |    1627 |   0.0 |       0 |      27 |   0.0 |  1150
           D:8 |       0 |    4525 |   0.0 |       0 |      29 |   0.0 |  1135
           D:9 |       0 |    3272 |   0.0 |       0 |      42 |   0.0 |  1247
          D:10 |       0 |    2945 |   0.0 |       0 |      29 |   0.0 |   636
          D:11 |       0 |    6350 |   0.0 |       0 |      32 |   0.0 |  1241
               +---------+---------+-------+---------+---------+-------+---------
